AoeStats
← [RDY] Sleiz

Arena

504877359Analyzed
3v3 RM · 26d ago on Sep 6, 2026· 57m 32s· 6 players
Game mode
Random Map
Map size
Normal (6 player)
Population
200
Speed
Normal
Resources
Standard
Victory
Conquest
Starting age
Dark Age
Ending age
Imperial Age
RankedLock teamsTeams togetherTeam positionsShared explorationLock speedFull tech treeHidden civsTurbo modeCheats
Victory
Defeat
🇺🇸 Lithuanians · United States
780
+9
🇺🇸 Vietnamese · United States
763
+10
🇺🇸 Mongols · United States
718
+12
🇨🇴 Britons · Colombia
661
-12
🇨🇴 Huns · Colombia
620
-10
🇫🇷 Franks · France
586
-9
Aleko Bart
11:35 Feudal Age
9:52 Loom
12:21 Double-Bit Axe
12:22 Man-at-Arms
15:54 Forging
17:12 Horse Collar
18:29 Double-Bit Axe
24:42 Castle Age
22:49 Gold Mining
23:47 Fletching
25:38 Wheelbarrow
25:46 Crossbowman
26:32 Heavy Plow
30:52 Caravan
32:15 Hand Cart
35:42 Imperial Age
35:18 Murder Holes
35:36 Masonry
36:17 Fortified Wall
36:45 Coinage
38:35 Chemistry
37:56 Ballistics
39:44 Architecture
39:40 Cavalier
42:02 Guard Tower
43:10 Conscription
42:31 Capped Ram
43:52 Bow Saw
44:28 Banking
44:09 Guilds
44:01 Arbalester
45:11 Husbandry
47:24 Iron Casting
46:45 Bodkin Arrow
46:51 Padded Archer Armor
46:52 Scale Mail Armor
46:57 Scale Barding Armor
46:59 Warwolf
46:41 Pikeman
47:39 Stone Mining
47:38 Light Cavalry
49:41 Sappers
51:27 Two-Man Saw
51:46 Hoardings
anfelele
9:54 Feudal Age
19:11 Castle Age
18:28 Double-Bit Axe
18:25 Horse Collar
18:38 Gold Mining
18:42 Stone Mining
22:15 Gold Shaft Mining
22:36 Bow Saw
23:59 Forging
23:55 Scale Barding Armor
25:45 Heavy Plow
27:55 Wheelbarrow
28:07 Caravan
29:07 Murder Holes
29:34 Ballistics
29:22 Marauders
32:01 Iron Casting
31:47 Chain Barding Armor
35:57 Masonry
36:22 Fletching
36:34 Padded Archer Armor
37:09 Bodkin Arrow
40:31 Imperial Age
44:34 Elite Tarkan
46:56 Parthian Tactics
47:45 Elite Skirmisher
49:40 Light Cavalry
50:32 Bloodlines
50:23 Husbandry
51:05 Hussar
51:31 Pikeman
52:12 Squires
52:15 Halberdier
ToNi0
10:49 Feudal Age
21:18 Castle Age
19:30 Double-Bit Axe
22:48 Stone Mining
32:23 Imperial Age
33:35 Caravan
34:48 Fortified Wall
34:25 Arrowslits
34:36 Murder Holes
36:25 Wheelbarrow
35:36 Town Watch
35:58 Pikeman
37:10 Conscription
36:59 Gold Mining
36:57 Elite Skirmisher
38:42 Hand Cart
38:28 Town Patrol
39:15 Gold Shaft Mining
38:53 Bow Saw
41:28 Chemistry
[RDY] Sleiz
9:43 Feudal Age
11:49 Double-Bit Axe
15:10 Horse Collar
21:28 Castle Age
21:45 Forging
27:33 Wheelbarrow
27:14 Thumb Ring
27:10 Fletching
28:19 Bow Saw
29:59 Heavy Plow
32:12 Loom
37:08 Imperial Age
35:02 Hand Cart
35:19 Bloodlines
35:13 Husbandry
37:14 Ballistics
36:57 Padded Archer Armor
36:53 Bodkin Arrow
37:36 Iron Casting
37:08 Scale Barding Armor
37:10 Gold Mining
38:40 Bracer
40:03 Heavy Cavalry Archer
41:15 Elite Steppe Lancer
43:08 Parthian Tactics
45:27 Chemistry
44:47 Leather Archer Armor
45:34 Blast Furnace
44:56 Chain Barding Armor
50:19 Gold Shaft Mining
56:41 Elite Mangudai
[RDY] TGCID
11:21 Feudal Age
11:49 Double-Bit Axe
15:49 Horse Collar
16:51 Fletching
17:58 Gold Mining
18:12 Padded Archer Armor
21:24 Castle Age
23:08 Crossbowman
26:23 Thumb Ring
27:15 Forging
30:15 Heavy Plow
30:27 Bow Saw
33:27 Pikeman
34:08 Squires
43:18 Iron Casting
42:39 Bodkin Arrow
42:45 Scale Mail Armor
47:45 Imperial Age
47:38 Leather Archer Armor
48:39 Chain Mail Armor
50:46 Chemistry
50:07 Ballistics
52:45 Siege Engineers
55:26 Arbalester
[RDY] Audemars Piguet
9:29 Feudal Age
10:57 Double-Bit Axe
16:45 Castle Age
14:50 Horse Collar
16:43 Scale Barding Armor
16:29 Fletching
21:44 Elite Skirmisher
25:12 Bloodlines
26:59 Caravan
27:42 Bow Saw
29:21 Husbandry
30:48 Padded Archer Armor
31:00 Forging
32:21 Ballistics
33:15 Thumb Ring
33:57 Heavy Plow
37:13 Imperial Age
35:34 Leather Archer Armor
36:14 Chain Barding Armor
37:19 Iron Casting
36:40 Bodkin Arrow
38:15 Tower Shields
38:39 Conscription
37:55 Cavalier
39:03 Imperial Skirmisher
40:20 Plate Barding Armor
42:39 Chemistry
42:27 Light Cavalry
42:28 Paladin
43:07 Murder Holes
46:04 Elite Leitis
47:41 Winged Hussar
49:04 Bracer
49:35 Ring Archer Armor
52:38 Fortified Wall
54:16 Elite Leitis
Connection lost

Rejoining the realm…

Still unreachable

The connection could not be restored.

Session expired

The server has moved on; the page needs a fresh start.